 Dungeon Crawl Stone Soup version 0.21.1-1-g345015f (webtiles) character file.

259 inc the Covert (level 5, -4/24 HPs)
             Began as a Felid Chaos Knight on Feb 23, 2018.
             Slain by a hippogriff (5 damage)
             ... on level 7 of the Dungeon.
             The game lasted 00:11:09 (5234 turns).

inc the Covert (Felid Chaos Knight)                 Turns: 5234, Time: 00:11:11

Health: -4/24      AC:  4    Str:  8    XL:     5   Next: 95%
Magic:  6/6        EV: 18    Int: 13    God:    Xom [*.....]
Gold:   242        SH:  0    Dex: 14    Spells: 4/4 levels left
                                        Lives:  0   Deaths: 2

rFire    . . .     SeeInvis +     - Unarmed
rCold    + . .     Gourm    .   (shield unavailable)
rNeg     . . .     Faith    .   (armour unavailable)
rPois    +         Spirit   .   (helmet unavailable)
rElec    .         Reflect  .   (cloak unavailable)
rCorr    .         Harm     .   (gloves unavailable)
MR       .....                  (boots unavailable)
Stlth    ++++++....             (no amulet)
HPRegen  0.08/turn              b - ring of stealth
MPRegen  0.10/turn              c - ring of wizardry

@: quick
A: very small, no armour, no weapons or thrown items, stealth, claws 1, fangs 3,
icy blue scales 1, see invisible, carnivore, clumsy 1, cold resistance 1, dopey
1, speed 1, poison resistance, screaming 1, shaggy fur 2, slow metabolism 1,
wild magic 1, sharp paws
a: Renounce Religion


You were on level 7 of the Dungeon.
You worshipped Xom.
You were a special plaything of Xom.
You were not hungry.

You visited 1 branch of the dungeon, and saw 7 of its levels.

You collected 242 gold pieces.

Inventory:

Jewellery
 b - a ring of stealth (left paw)
 c - a ring of wizardry (right paw)
Wands
 s - a wand of paralysis (16)
Scrolls
 d - 2 scrolls of identify
 f - 2 scrolls of magic mapping {unknown}
 i - 2 scrolls of fear {unknown}
 j - a scroll of fog {unknown}
 m - 2 scrolls of teleportation {unknown}
 n - 2 scrolls of blinking {unknown}
 o - a scroll of remove curse
 p - 2 scrolls of enchant armour {unknown}
 t - a scroll of amnesia {unknown}
Potions
 e - 2 potions of magic
 g - 3 potions of flight
 k - a potion of lignification
 q - a potion of resistance
 r - a potion of might
Comestibles
 a - 8 rations


   Skills:
 - Level 3.0 Fighting
 - Level 3.2 Dodging
 - Level 11.1 Stealth
 + Level 4.2 Unarmed Combat


You had 4 spell levels left.
You didn't know any spells.

Dungeon Overview and Level Annotations

Branches:
Dungeon (7/15)             Temple (0/1) D:5

Altars:
Ashenzari
Cheibriados
Fedhas
Gozag
Hepliaklqana
Okawaru
Sif Muna
Xom
Yredelemnul
The Shining One

Annotations:
D:6 Baghtru's ghost, amateur HOFi


Innate Abilities, Weirdness & Mutations

You cannot wear armour.
You are incapable of wielding weapons or throwing items.
Your paws allow you to move quietly. (Stealth)
You have sharp claws.
You have razor-sharp teeth.
You have supernaturally acute eyesight. (SInv)
You are carnivorous and can eat meat at any time.
You cover ground quickly.
You are covered in thick fur. (AC +2)
You have a slow metabolism.
Your sharp claws are effective at attacking unaware monsters.
You are partially covered in icy blue scales. (AC +2)
You are clumsy. (Dex -2)
Your flesh is cold resistant. (rC+)
You are dopey. (Int -2)
Your system is resistant to poisons. (rPois)
You occasionally shout uncontrollably at your foes.
Your spells are a little harder to cast, but a little more powerful.


Message History

* * * LOW HITPOINT WARNING * * *
The bullfrog misses you.
You scratch the bullfrog. You claw the bullfrog.
The bullfrog is moderately wounded.
The bullfrog misses you. The bullfrog barely misses you.
You closely miss the bullfrog.
The bullfrog is moderately wounded.
The bullfrog hits you.
* * * LOW HITPOINT WARNING * * *
The bullfrog closely misses you. "Whee!"
Your surroundings suddenly seem different.
Found 24 stones.
Found a stone staircase leading up.
You hiss at the hippogriff!
A hippogriff comes into view.
There is a fountain of clear blue water here.
You hear two shouts!
You hear a howl!
You hear a shout!
The hippogriff closely misses you. The hippogriff pecks you.
You die...
Xom roars with laughter!

######
##....##
###..⌠H..##
#......@..#
...⌠...⌠..#
##........#
#...<(...#
#........#
#.⌠...⌠.##
##.....##
##.⌠.##
##.#


You could see a hippogriff.

Vanquished Creatures
  A sky beast (D:7)
  An ice beast (D:5)
  2 crimson imps (D:5)
  A centaur zombie (D:5)
  A hound (D:4)
  2 orc priests
  A centaur skeleton (D:3)
  A human skeleton (D:3)
  An iguana (D:7)
  An orc wizard (D:4)
  A worker ant (D:4)
  2 hound skeletons
  A worker ant zombie (D:5)
  6 adders
  2 gnolls (D:2)
  2 oozes
  A dart slug (D:2)
  6 orcs
  A ball python (D:3)
  6 giant cockroaches
  6 goblins
  8 hobgoblins
  13 jackals
  3 quokkas (D:2)
  11 bats
  5 frilled lizards
  A jackal skeleton (D:4)
  A jackal zombie (D:6)
  8 kobolds
  A kobold zombie (D:3)
  9 rats
106 creatures vanquished.

Vanquished Creatures (collateral kills)
  Duvessa (D:5)
  Dowan (D:5)
  A mummy (D:5)
3 creatures vanquished.

Vanquished Creatures (others)
  A human (D:6)
  A howler monkey (D:4)
  An iguana (D:4)
  A worker ant (D:4)
  2 jackals (D:6)
6 creatures vanquished.

Grand Total: 115 creatures vanquished

Notes
Turn   | Place    | Note
-------+----------+-------------------------------------------
     0 | D:1      | inc the Felid Chaos Knight began the quest for the Orb.
     0 | D:1      | Reached XP level 1. HP: 10/10 MP: 2/2
   125 | D:1      | Reached skill level 1 in Stealth
   243 | D:1      | Reached skill level 2 in Stealth
   243 | D:1      | Reached XP level 2. HP: 12/14 MP: 3/3
   307 | D:1      | XOM: harmless Ice miscast
   316 | D:1      | XOM: divination: detect creatures
   501 | D:1      | Reached skill level 3 in Stealth
   737 | D:2      | Found a shattered altar of Ashenzari.
   808 | D:3      | Reached skill level 4 in Stealth
   808 | D:3      | Reached XP level 3. HP: 9/17 MP: 4/4
   832 | D:3      | XOM: silly message
   866 | D:3      | XOM is BORED!
   866 | D:3      | XOM: harmless Necr miscast
  1198 | D:3      | Reached skill level 5 in Stealth
  1198 | D:3      | Reached XP level 4. HP: 6/21 MP: 5/5
  1220 | D:3      | HP: 1/21 [poisoned by an adder]
  1287 | D:3      | XOM: mild Fire miscast
  1375 | D:3      | XOM: harmless Fire miscast
  1460 | D:3      | XOM: cloud trail
  1522 | D:3      | Found a runed door.
  1522 | D:3      | Noticed a human
  1523 | D:3      | Found a basalt altar of Yredelemnul.
  1540 | D:3      | Reached skill level 6 in Stealth
  1721 | D:3      | XOM: potion effect (haste)
  2041 | D:2      | Reached XP level 5. HP: 22/24 MP: 6/6
  2248 | D:2      | Reached skill level 7 in Stealth
  2522 | D:2      | Found a glowing golden altar of the Shining One.
  2658 | D:2      | XOM: harmless Hex miscast
  2678 | D:2      | XOM: polymorph gnoll -> quokka
  2772 | D:3      | Found a faded altar of an unknown god.
  2810 | D:3      | XOM: give mutations
  2810 | D:3      | Gained mutation: Your system is resistant to poisons. (rPois) [Xom's mischief]
  2810 | D:3      | Gained mutation: You are clumsy. (Dex -2) [Xom's mischief]
  2810 | D:3      | Gained mutation: You are dopey. (Int -2) [Xom's mischief]
  2810 | D:3      | Gained mutation: You occasionally shout uncontrollably at your foes. [Xom's mischief]
  2944 | D:3      | Found a basalt altar of Yredelemnul.
  2946 | D:3      | Found a hazy altar of Hepliaklqana.
  2951 | D:3      | Found a blossoming altar of Fedhas.
  2988 | D:3      | XOM: 6-stop teleportation journey
  3036 | D:3      | Reached skill level 8 in Stealth
  3524 | D:4      | Gained mutation: You are covered in thick fur. (AC +2) [Felid growth]
  3524 | D:4      | Reached XP level 6. HP: 14/28 MP: 7/7
  3664 | D:4      | XOM: smoke on damage
  3769 | D:4      | Reached skill level 9 in Stealth
  3903 | D:5      | Entered Level 5 of the Dungeon
  4022 | D:5      | Found a staircase to the Ecumenical Temple.
  4091 | D:5      | Found an opulent altar of Gozag.
  4111 | D:5      | Noticed Dowan
  4112 | D:5      | Noticed Duvessa
  4115 | D:5      | XOM: smoke on damage
  4134 | D:5      | XOM: blink monster(s)
  4137 | D:5      | XOM: enchant monster (bad)
  4156 | D:5      | Killed Duvessa
  4161 | D:5      | Killed Dowan
  4161 | D:5      | Reached skill level 10 in Stealth
  4167 | D:5      | Found a snail-covered altar of Cheibriados.
  4235 | D:5      | XOM: 1-stop teleportation journey
  4300 | D:5      | Found an iron altar of Okawaru.
  4319 | D:5      | XOM: give mutations
  4319 | D:5      | Gained mutation: You are partially covered in icy blue scales. (AC +2) [Xom's grace]
  4319 | D:5      | Gained mutation: Your spells are a little harder to cast, but a little more powerful. [Xom's grace]
  4319 | D:5      | Gained mutation: Your flesh is cold resistant. (rC+) [Xom's grace]
  4320 | D:5      | Reached XP level 7. HP: 31/31 MP: 8/8
  4374 | D:5      | XOM: enchant monster (good)
  4426 | D:5      | Reached skill level 11 in Stealth
  4761 | D:6      | XOM: cleaving
  4765 | D:6      | XOM: 3-stop teleportation journey
  4857 | D:6      | Noticed Baghtru's ghost (amateur HOFi)
  4857 | D:6      | XOM: confusion (+ monsters)
  4871 | D:6      | XOM: swap monsters
  4970 | D:6      | XOM: harmless Air miscast
  4985 | D:6      | XOM: summons 2 friendly demons
  5020 | D:6      | Mangled by an ogre
  5021 | D:6      | Reached XP level 6. HP: -13/28 MP: 7/7
  5039 | D:6      | Killed a human
  5069 | D:6      | XOM: scenery: create altars
  5081 | D:7      | XOM: noise
  5081 | D:7      | Noticed a sky beast
  5084 | D:7      | Found a deep blue altar of Sif Muna.
  5098 | D:7      | XOM: destruction
  5104 | D:7      | HP: 2/42 [hound (4)]
  5106 | D:7      | Killed a sky beast
  5106 | D:7      | Slain by a hound
  5107 | D:7      | Reached XP level 5. HP: 0/36 MP: 6/6
  5229 | D:7      | HP: 1/24 [bullfrog (1)]
  5233 | D:7      | XOM: 1-stop teleportation journey
  5234 | D:7      | Noticed a hippogriff
  5234 | D:7      | Slain by a hippogriff

Skill      XL: |  1  2  3  4  5  6  7 |
---------------+----------------------+-----
Stealth        | 2 4 5 6 8 10 11 | 11.1
Unarmed Combat | 4 |  4.2
Fighting       | |  3.0
Dodging        | |  3.2

Action                   |  1- 3 |  4- 6 |  7- 9 || total
-------------------------+-------+-------+-------++-------
Melee: Unarmed           |    53 |   266 |    64 ||   383
       Bite              |     4 |    22 |     4 ||    30
       Punch             |       |     2 |       ||     2
  Use: Potion            |       |     6 |       ||     6
       Scroll            |       |     3 |     2 ||     5
 Stab: Sleeping          |    11 |    25 |     3 ||    39
       Distracted        |       |     3 |       ||     3
       Petrified         |       |       |     1 ||     1
  Eat: Chunk             |     1 |    10 |       ||    11
Armor: Skin              |     3 |    17 |    13 ||    33
Dodge: Dodged            |    34 |   221 |    58 ||   313
